New York Rangers vs Arizona Coyotes

Created - dimanche 6 janvier 2019 at 19:00

Goals
1 2 3 T
New York Rangers 2 2 0 4
Arizona Coyotes 0 1 1 2
Shots
1 2 3 T
New York Rangers 8 9 7 24
Arizona Coyotes 8 11 14 33

1st period

1. New York Rangers , J.T. Miller 16 (Mats Zuccarello 21) at 6:18
2. New York Rangers , Alexandre Burrows 4 (Jujhar Khaira 12) at 7:04 (PP)

Penalties :
Jamie McGinn (ARI) for Roughing (Minor) at 6:28

2nd period

3. New York Rangers , Alexandre Burrows 5 (Jujhar Khaira 13, Neal Pionk 7) at 10:45 (PP)
4. Arizona Coyotes , Jordan Martinook 5 (Martin Hanzal 7) at 13:14
5. New York Rangers , Alexandre Burrows 6 (Mats Zuccarello 22, J.T. Miller 20) at 17:14

Penalties :
Josh Leivo (NYR) for Hooking (Minor) at 2:47, Johnny Boychuk (ARI) for Interference (Minor) at 10:29

3rd period

6. Arizona Coyotes , Leon Draisaitl 17 (Thomas Hickey 13, Christian Fischer 11) at 0:54 (PP)

Penalties :
Alexandre Burrows (NYR) for High sticking (Minor) at 0:20, Tomas Hertl (ARI) for Hooking (Minor) at 4:42

Goalie Stats

Peter Budaj (NYR), 31 saves from 33 shots - (0.939), W, 6-2-0, 60:00 minutes
Devan Dubnyk (ARI), 11 saves from 15 shots - (0.733), L, 18-11-2, 37:14 minutes
Louis Domingue (ARI), 9 saves from 9 shots - (1.000), 22:46 minutes

Players Stats for New York Rangers

Player Name              G  A  P  +/- PIM S  H  SB GA TA FO     MP     PP MP  PK MP  
------------------------------------------------------------------------------------
Adam Larsson             0  0  0   1  0   1  2  1  0  0  0/0    23:44   1:27   1:17 
Alexander Petrovic       0  0  0   0  0   1  2  2  0  0  0/0    16:49   0:00   0:00 
Alexandre Burrows        3  0  3   1  2   5  6  0  2  1  0/2    17:09   1:16   0:38 
Brady Skjei              0  0  0   1  0   1  1  2  1  1  0/0    23:32   1:27   1:17 
Brandon Dubinsky         0  0  0   0  0   0  0  0  0  0  1/6    11:14   0:06   0:18 
Brandon Pirri            0  0  0  -1  0   0  2  0  0  0  3/7    14:31   1:16   0:00 
J.T. Miller              1  1  2   1  0   9  3  1  2  1  11/23  18:58   1:19   1:08 
Josh Leivo               0  0  0   1  2   1  1  1  0  0  0/0    16:32   1:17   0:14 
Jujhar Khaira            0  2  2   1  0   0  1  0  0  0  0/0    17:29   1:16   0:00 
Kris Russell             0  0  0   0  0   1  1  2  1  2  0/0    18:35   1:24   1:16 
Lee Stempniak            0  0  0   0  0   1  2  0  0  0  0/1    11:14   0:00   0:36 
Magnus Paajarvi          0  0  0  -1  0   0  0  0  0  0  0/1    14:24   0:21   0:00 
Mats Zuccarello          0  2  2   1  0   1  1  2  1  0  2/4    18:57   1:21   1:08 
Matt Martin              0  0  0   0  0   1  2  0  0  0  0/0     9:55   0:21   0:00 
Neal Pionk               0  1  1   0  0   0  2  0  0  1  0/0    18:28   1:24   1:16 
Oliver Bjorkstrand       0  0  0  -1  0   1  2  1  2  1  0/0    14:10   0:00   1:04 
Shawn Matthias           0  0  0   1  0   0  1  1  0  0  5/16   14:59   0:00   0:00 
Tony DeAngelo            0  0  0   0  0   1  0  3  0  1  0/0    16:45   0:00   0:00 

Players Stats for Arizona Coyotes

Player Name              G  A  P  +/- PIM S  H  SB GA TA FO     MP     PP MP  PK MP  
------------------------------------------------------------------------------------
Alex Goligoski           0  0  0  -1  0   2  4  1  0  3  0/0    23:42   1:07   1:50 
Anthony Duclair          0  0  0   0  0   2  4  0  2  0  0/1    16:09   1:12   0:42 
Christian Fischer        0  1  1  -1  0   0  2  1  0  0  0/2    19:32   1:21   1:09 
Dylan Strome             0  0  0  -1  0   1  1  0  1  0  6/6     9:29   0:00   0:00 
Jakob Chychrun           0  0  0   0  0   1  0  1  1  1  0/0    15:44   0:00   0:02 
Jamie McGinn             0  0  0   0  2   3  1  0  1  0  0/2    15:31   1:12   0:10 
Johnny Boychuk           0  0  0  -1  2   0  0  0  0  0  0/0    23:41   1:07   1:50 
Jordan Martinook         1  0  1   1  0   5  3  1  0  0  0/0    14:57   0:00   0:52 
Leon Draisaitl           1  0  1  -1  0   4  1  0  1  1  9/15   19:54   1:21   1:19 
Luke Schenn              0  0  0   0  0   1  3  0  0  2  0/0    20:05   1:26   0:59 
Martin Hanzal            0  1  1   1  0   2  1  1  1  0  11/15  14:10   0:00   0:00 
Max Domi                 0  0  0   0  0   3  1  2  0  0  12/17  16:14   1:12   1:09 
Nicholas Merkley         0  0  0  -1  0   1  1  0  0  0  0/0     9:26   0:00   0:00 
Nick Cousins             0  0  0   1  0   4  1  1  0  0  0/1    14:26   0:00   0:00 
Peter Holland            0  0  0  -1  0   0  0  0  0  0  0/0     9:23   0:00   0:00 
Ryan Sproul              0  0  0   0  0   0  1  0  0  0  0/0    15:47   0:00   0:02 
Thomas Hickey            0  1  1   0  0   2  0  0  0  2  0/0    20:03   1:26   0:59 
Tomas Hertl              0  0  0  -1  2   2  3  0  1  0  0/1    18:53   1:21   0:21 

3 Stars

1 - Alexandre Burrows (NYR)
2 - J.T. Miller (NYR)
3 - Mats Zuccarello (NYR)

Power Play

New York Rangers - 2 on 3 Attempt(s) - 66.67%
Arizona Coyotes - 1 on 2 Attempt(s) - 50.00%

Penalty Kill

New York Rangers - 1 on 2 Attempt(s) - 50.00% - Score 0 goal in Penalty Kill
Arizona Coyotes - 1 on 3 Attempt(s) - 33.33% - Score 0 goal in Penalty Kill

Team Stat

New York Rangers - Hits : 29 - Faceoff Wins : 22 - Blocked Shots : 16 - Penalty Minutes : 4
Arizona Coyotes - Hits : 27 - Faceoff Wins : 38 - Blocked Shots : 8 - Penalty Minutes : 6

Official

Referees : Kelly Sutherland and Chris Lee
Linesman : Shane Heyer and David Brisebois

Game Notes

Alexandre Burrows has scored a Hat Trick!
Louis Domingue enters game at 17:14 of 2nd period
Matt Martin is injured at 15:56 of 3rd period (Left Knee)

Finance

Level 1 -- Attendance: 9780 (97.80%) -- Ticket Income fr. 782'400
Level 2 -- Attendance: 1717 (85.85%) -- Ticket Income fr. 111'605
Level 3 -- Attendance: 2752 (78.63%) -- Ticket Income fr. 96'320
Level 4 -- Attendance: 1287 (88.76%) -- Ticket Income fr. 25'740
Luxury Box -- Attendance: 43 (86.00%) -- Ticket Income fr. 8'600
Game was played at the Gila River Arena.
Total Attendance: 15579 (91.64%)
Total Ticket Income: fr. 1'024'665
Total Income: fr. 1'024'665

New York Rangers

5 vs 5 Forward 
   Center                   Left Wing                Right Wing               Time % Phy DF OF 
 1 J.T. Miller              Jujhar Khaira            Mats Zuccarello          30     1   2  2  
 2 Shawn Matthias           Josh Leivo               Alexandre Burrows        30     1   2  2  
 3 Brandon Pirri            Oliver Bjorkstrand       Magnus Paajarvi          25     1   2  2  
 4 Brandon Dubinsky         Matt Martin              Lee Stempniak            15     1   2  2  

5 vs 5 Defense 
   Defense                  Defense                                           Time % Phy DF OF 
 1 Neal Pionk               Brady Skjei                                       30     1   2  2  
 2 Adam Larsson             Kris Russell                                      30     1   2  2  
 3 Alexander Petrovic       Tony DeAngelo                                     25     1   2  2  
 4 Adam Larsson             Brady Skjei                                       15     1   2  2  

PowerPlay Forward 
   Center                   Left Wing                Right Wing               Time % Phy DF OF 
 1 J.T. Miller              Josh Leivo               Mats Zuccarello          50     1   2  2  
 2 Brandon Pirri            Jujhar Khaira            Alexandre Burrows        50     1   2  2  

PowerPlay Defense
   Defense                  Defense                                           Time % Phy DF OF 
 1 Adam Larsson             Brady Skjei                                       50     1   2  2  
 2 Kris Russell             Neal Pionk                                        50     1   2  2  

Penalty Kill 4 Players Forward 
   Center                   Wing                     Time % Phy DF OF 
 1 Mats Zuccarello          J.T. Miller              50     1   2  2  
 2 Oliver Bjorkstrand       Josh Leivo               50     1   2  2  

Penalty Kill 4 Players Defense
   Defense                  Defense                  Time % Phy DF OF 
 1 Adam Larsson             Brady Skjei              50     1   2  2  
 2 Kris Russell             Neal Pionk               50     1   2  2  

Penalty Kill - 3 Players Forward 
   Forward                                           Time % Phy DF OF 
 1 Mats Zuccarello                                   50     1   2  2  
 2 J.T. Miller                                       50     1   2  2  

Penalty Kill - 3 Players Defense
   Defense                  Defense                  Time % Phy DF OF 
 1 Adam Larsson             Brady Skjei              50     1   2  2  
 2 Kris Russell             Neal Pionk               50     1   2  2  

4 vs 4 Forward 
   Center                   Wing                     Time % Phy DF OF 
 1 Mats Zuccarello          J.T. Miller              50     1   2  2  
 2 Jujhar Khaira            Alexandre Burrows        50     1   2  2  

4 vs 4 Defense
   Defense                  Defense                  Time % Phy DF OF 
 1 Adam Larsson             Brady Skjei              50     1   2  2  
 2 Kris Russell             Neal Pionk               50     1   2  2  

Last Minutes Offensive
   Center                   Left Wing                Right Wing               Defense                  Defense                  
   J.T. Miller              Oliver Bjorkstrand       Mats Zuccarello          Neal Pionk               Tony DeAngelo            

Last Minutes Defensive
   Center                   Left Wing                Right Wing               Defense                  Defense                  
   J.T. Miller              Oliver Bjorkstrand       Mats Zuccarello          Adam Larsson             Kris Russell             

Goaltenders
Starting : Peter Budaj              
Backup : Ryan Miller              

Extra Forwards
Normal : Matt Martin, Magnus Paajarvi, Lee Stempniak - PP : Matt Martin, Magnus Paajarvi - PK : Lee Stempniak
Extra Defensemen
Normal : Alexander Petrovic, Tony DeAngelo, Kris Russell - PP : Alexander Petrovic - PK : Tony DeAngelo, Kris Russell
Penalty Shots
Mats Zuccarello, J.T. Miller, Oliver Bjorkstrand, Brandon Dubinsky, Jujhar Khaira
Custom OT Lines Forwards
Mats Zuccarello, J.T. Miller, Oliver Bjorkstrand, Brandon Dubinsky, Jujhar Khaira, Alexandre Burrows, Matt Martin, Magnus Paajarvi, Lee Stempniak, Josh Leivo
Custom OT Lines Defensemen
Adam Larsson, Brady Skjei, Kris Russell, Neal Pionk, Alexander Petrovic

Scratches
Brendan Smith (Healthy), Chris Kreider (Healthy), David Schlemko (Healthy), Marcus Pettersson (Fractured Bone in Left Hand Injury)

Arizona Coyotes

5 vs 5 Forward 
   Center                   Left Wing                Right Wing               Time % Phy DF OF 
 1 Leon Draisaitl           Tomas Hertl              Christian Fischer        30     1   2  2  
 2 Max Domi                 Jamie McGinn             Anthony Duclair          30     1   2  2  
 3 Martin Hanzal            Jordan Martinook         Nick Cousins             25     1   2  2  
 4 Dylan Strome             Peter Holland            Nicholas Merkley         15     1   2  2  

5 vs 5 Defense 
   Defense                  Defense                                           Time % Phy DF OF 
 1 Alex Goligoski           Johnny Boychuk                                    30     1   2  2  
 2 Thomas Hickey            Luke Schenn                                       30     1   2  2  
 3 Jakob Chychrun           Ryan Sproul                                       25     1   2  2  
 4 Alex Goligoski           Johnny Boychuk                                    15     1   2  2  

PowerPlay Forward 
   Center                   Left Wing                Right Wing               Time % Phy DF OF 
 1 Leon Draisaitl           Tomas Hertl              Christian Fischer        50     1   2  2  
 2 Max Domi                 Jamie McGinn             Anthony Duclair          50     1   2  2  

PowerPlay Defense
   Defense                  Defense                                           Time % Phy DF OF 
 1 Alex Goligoski           Johnny Boychuk                                    50     1   2  2  
 2 Thomas Hickey            Luke Schenn                                       50     1   2  2  

Penalty Kill 4 Players Forward 
   Center                   Wing                     Time % Phy DF OF 
 1 Leon Draisaitl           Tomas Hertl              50     1   2  2  
 2 Max Domi                 Christian Fischer        50     1   2  2  

Penalty Kill 4 Players Defense
   Defense                  Defense                  Time % Phy DF OF 
 1 Alex Goligoski           Johnny Boychuk           50     1   2  2  
 2 Thomas Hickey            Luke Schenn              50     1   2  2  

Penalty Kill - 3 Players Forward 
   Forward                                           Time % Phy DF OF 
 1 Leon Draisaitl                                    50     1   2  2  
 2 Tomas Hertl                                       50     1   2  2  

Penalty Kill - 3 Players Defense
   Defense                  Defense                  Time % Phy DF OF 
 1 Alex Goligoski           Johnny Boychuk           50     1   2  2  
 2 Thomas Hickey            Luke Schenn              50     1   2  2  

4 vs 4 Forward 
   Center                   Wing                     Time % Phy DF OF 
 1 Leon Draisaitl           Tomas Hertl              50     1   2  2  
 2 Max Domi                 Christian Fischer        50     1   2  2  

4 vs 4 Defense
   Defense                  Defense                  Time % Phy DF OF 
 1 Alex Goligoski           Johnny Boychuk           50     1   2  2  
 2 Thomas Hickey            Luke Schenn              50     1   2  2  

Last Minutes Offensive
   Center                   Left Wing                Right Wing               Defense                  Defense                  
   Leon Draisaitl           Tomas Hertl              Christian Fischer        Alex Goligoski           Johnny Boychuk           

Last Minutes Defensive
   Center                   Left Wing                Right Wing               Defense                  Defense                  
   Leon Draisaitl           Tomas Hertl              Christian Fischer        Alex Goligoski           Johnny Boychuk           

Goaltenders
Starting : Devan Dubnyk             
Backup : Louis Domingue           

Extra Forwards
Normal : Peter Holland, Martin Hanzal, Jordan Martinook - PP : Peter Holland, Martin Hanzal - PK : Jordan Martinook
Extra Defensemen
Normal : Jakob Chychrun, Ryan Sproul, Thomas Hickey - PP : Jakob Chychrun - PK : Ryan Sproul, Thomas Hickey
Penalty Shots
Leon Draisaitl, Tomas Hertl, Max Domi, Christian Fischer, Jamie McGinn
Custom OT Lines Forwards
Leon Draisaitl, Tomas Hertl, Max Domi, Christian Fischer, Jamie McGinn, Anthony Duclair, Martin Hanzal, Jordan Martinook, Nick Cousins, Dylan Strome
Custom OT Lines Defensemen
Alex Goligoski, Johnny Boychuk, Thomas Hickey, Luke Schenn, Jakob Chychrun

Scratches
Adam Clendening (Healthy), Brad Richardson (Left Ankle Injury), Mike Blunden (Healthy)

% Time on Ice - New York Rangers

Lines # - Real PCT - Wanted PCT - Time Play
Normal Forward
1 - 29% - 30% - 16:05
2 - 27% - 30% - 14:49
3 - 24% - 25% - 13:19
4 - 19% - 15% - 10:23
Normal Defense
1 - 29% - 30% - 15:44
2 - 28% - 30% - 15:30
3 - 30% - 25% - 16:16
4 - 13% - 15% - 7:06
PP Forward
1 - 54% - 50% - 1:32
2 - 46% - 50% - 1:19
PP Defense
1 - 51% - 50% - 1:27
2 - 49% - 50% - 1:24
PK Forward
1 - 44% - 50% - 1:08
2 - 56% - 50% - 1:25
PK Defense
1 - 50% - 50% - 1:17
2 - 50% - 50% - 1:16
PK3 Forward
1 - 0% - 50%
2 - 0% - 50%
PK3 Defense
1 - 0% - 50%
2 - 0% - 50%
44 Forward
1 - 0% - 50%
2 - 0% - 50%
44 Defense
1 - 0% - 50%
2 - 0% - 50%
Last Minute Offensive  - 0:00
Last Minute Defensive  - 0:00
Total
Forward - 60:00
Defense - 60:00

% Time on Ice - Arizona Coyotes

Lines # - Real PCT - Wanted PCT - Time Play
Normal Forward
1 - 31% - 30% - 16:46
2 - 27% - 30% - 14:42
3 - 25% - 25% - 13:40
4 - 17% - 15% - 9:28
Normal Defense
1 - 28% - 30% - 15:23
2 - 33% - 30% - 17:55
3 - 28% - 25% - 15:06
4 - 11% - 15% - 6:12
PP Forward
1 - 53% - 50% - 1:21
2 - 47% - 50% - 1:12
PP Defense
1 - 44% - 50% - 1:07
2 - 56% - 50% - 1:26
PK Forward
1 - 60% - 50% - 1:42
2 - 40% - 50% - 1:09
PK Defense
1 - 64% - 50% - 1:50
2 - 36% - 50% - 1:01
PK3 Forward
1 - 0% - 50%
2 - 0% - 50%
PK3 Defense
1 - 0% - 50%
2 - 0% - 50%
44 Forward
1 - 0% - 50%
2 - 0% - 50%
44 Defense
1 - 0% - 50%
2 - 0% - 50%
Last Minute Offensive  - 0:00
Last Minute Defensive  - 0:00
Total
Forward - 60:00
Defense - 60:00

Play-by-Play

1st period


0:01 of 1st period - Leon Draisaitl wins face-off versus J.T. Miller in neutral zone.
0:04 of 1st period - Mats Zuccarello is hit by Tomas Hertl and loses puck.
0:48 of 1st period - Slapshot by Oliver Bjorkstrand.
0:48 of 1st period - Stopped by Devan Dubnyk without a rebound.
0:49 of 1st period - Brandon Dubinsky wins face-off versus Martin Hanzal in Arizona Coyotes zone.
0:56 of 1st period - Snap shot by Matt Martin.
0:56 of 1st period - Stopped by Devan Dubnyk without a rebound.
0:57 of 1st period - Dylan Strome wins face-off versus Brandon Dubinsky in Arizona Coyotes zone.
0:57 of 1st period - Dylan Strome is hit by Matt Martin.
1:23 of 1st period - Wrist shot by Lee Stempniak.
1:23 of 1st period - Shot Misses the Net.
1:33 of 1st period - Snap shot by Magnus Paajarvi.
1:33 of 1st period - Shot Misses the Net.
1:47 of 1st period - Snap shot by Jordan Martinook.
1:47 of 1st period - Shot Hit the Post.
1:49 of 1st period - Wrist shot by Jordan Martinook.
1:49 of 1st period - Shot Misses the Net.
1:51 of 1st period - Snap shot by Jakob Chychrun.
1:51 of 1st period - Shot Blocked by Tony DeAngelo.
1:53 of 1st period - Snap shot by Nick Cousins.
1:53 of 1st period - Shot Blocked by Tony DeAngelo.
1:55 of 1st period - Snap shot by Nick Cousins.
1:55 of 1st period - Shot Misses the Net.
1:57 of 1st period - Slapshot by Ryan Sproul.
1:57 of 1st period - Shot Blocked by Tony DeAngelo.
3:08 of 1st period - Off-side.
3:09 of 1st period - Martin Hanzal wins face-off versus Alexandre Burrows in neutral zone.
3:37 of 1st period - Icing by Leon Draisaitl.
3:38 of 1st period - Leon Draisaitl wins face-off versus Mats Zuccarello in Arizona Coyotes zone.
3:43 of 1st period - Slapshot by Christian Fischer.
3:43 of 1st period - Shot Blocked by Kris Russell.
3:45 of 1st period - Slapshot by Luke Schenn.
3:45 of 1st period - Deflect By Leon Draisaitl.
3:45 of 1st period - Shot Blocked by J.T. Miller.
3:45 of 1st period - Puck is out of play.
3:46 of 1st period - J.T. Miller wins face-off versus Leon Draisaitl in New York Rangers zone.
4:25 of 1st period - Adam Larsson is hit by Jamie McGinn and loses puck.
4:46 of 1st period - Slapshot by Kris Russell.
4:46 of 1st period - Shot Blocked by Jordan Martinook.
4:48 of 1st period - Slapshot by Kris Russell.
4:48 of 1st period - Deflect By Martin Hanzal.
4:48 of 1st period - Stopped by Devan Dubnyk with a rebound.
5:28 of 1st period - Slapshot by J.T. Miller.
5:28 of 1st period - Stopped by Devan Dubnyk without a rebound.
5:29 of 1st period - Brandon Pirri wins face-off versus Max Domi in Arizona Coyotes zone.
5:54 of 1st period - Luke Schenn is hit by Alexandre Burrows and loses puck.
6:13 of 1st period - Slapshot by J.T. Miller.
6:13 of 1st period - Stopped by Devan Dubnyk without a rebound.
6:14 of 1st period - J.T. Miller wins face-off versus Leon Draisaitl in Arizona Coyotes zone.
6:14 of 1st period - J.T. Miller is hit by Alex Goligoski.
6:18 of 1st period - Backhand shot by J.T. Miller.
6:18 of 1st period - Goal by J.T. Miller - New York Rangers : 1 - Arizona Coyotes : 0.
6:19 of 1st period - J.T. Miller wins face-off versus Max Domi in neutral zone.
6:24 of 1st period - Wrist shot by Mats Zuccarello.
6:24 of 1st period - Deflect By J.T. Miller.
6:24 of 1st period - Shot Blocked by Alex Goligoski.
6:24 of 1st period - Puck is out of play.
6:25 of 1st period - Max Domi wins face-off versus J.T. Miller in Arizona Coyotes zone.
6:25 of 1st period - Max Domi is hit by J.T. Miller.
6:28 of 1st period - Minor Penalty to Jamie McGinn for Roughing.
6:29 of 1st period - J.T. Miller wins face-off versus Leon Draisaitl in Arizona Coyotes zone.
6:55 of 1st period - Jujhar Khaira is hit by Alex Goligoski and loses puck.
7:04 of 1st period - Snap shot by Jujhar Khaira.
7:04 of 1st period - Deflect By Alexandre Burrows.
7:04 of 1st period - Goal by Alexandre Burrows - New York Rangers : 2 - Arizona Coyotes : 0.
7:05 of 1st period - Shawn Matthias wins face-off versus Leon Draisaitl in neutral zone.
7:08 of 1st period - Alex Goligoski is hit by Alexandre Burrows and loses puck.
7:39 of 1st period - Snap shot by Anthony Duclair.
7:39 of 1st period - Shot Misses the Net.
7:57 of 1st period - Wrist shot by Martin Hanzal.
7:57 of 1st period - Stopped by Peter Budaj with a rebound.
8:09 of 1st period - Lee Stempniak is hit by Luke Schenn and loses puck.
8:16 of 1st period - Snap shot by Alexander Petrovic.
8:16 of 1st period - Stopped by Devan Dubnyk with a rebound.
9:32 of 1st period - Wrist shot by Alexandre Burrows.
9:32 of 1st period - Shot Misses the Net.
9:53 of 1st period - Snap shot by Leon Draisaitl.
9:53 of 1st period - Stopped by Peter Budaj without a rebound.
9:54 of 1st period - Mats Zuccarello wins face-off versus Leon Draisaitl in New York Rangers zone.
11:13 of 1st period - Off-side.
11:14 of 1st period - Max Domi wins face-off versus J.T. Miller in neutral zone.
11:19 of 1st period - Snap shot by Anthony Duclair.
11:19 of 1st period - Shot Misses the Net.
11:21 of 1st period - Wrist shot by Jamie McGinn.
11:21 of 1st period - Shot Misses the Net.
11:23 of 1st period - Wrist shot by Anthony Duclair.
11:23 of 1st period - Stopped by Peter Budaj without a rebound.
11:24 of 1st period - Max Domi wins face-off versus Shawn Matthias in New York Rangers zone.
11:25 of 1st period - Backhand shot by Alex Goligoski.
11:25 of 1st period - Shot Blocked by Brady Skjei.
11:43 of 1st period - Anthony Duclair is hit by Alexandre Burrows and loses puck.
11:52 of 1st period - Snap shot by Alex Goligoski.
11:52 of 1st period - Shot Misses the Net.
11:54 of 1st period - Snap shot by Jamie McGinn.
11:54 of 1st period - Shot Misses the Net.
12:55 of 1st period - Brady Skjei is hit by Alex Goligoski.
12:57 of 1st period - Wrist shot by Alexandre Burrows.
12:57 of 1st period - Shot Blocked by Max Domi.
13:31 of 1st period - Wrist shot by Anthony Duclair.
13:31 of 1st period - Stopped by Peter Budaj with a rebound.
13:33 of 1st period - Slapshot by Jamie McGinn.
13:33 of 1st period - Stopped by Peter Budaj with a rebound.
13:35 of 1st period - Snap shot by Jamie McGinn.
13:35 of 1st period - Stopped by Peter Budaj with a rebound.
13:37 of 1st period - Slapshot by Alex Goligoski.
13:37 of 1st period - Shot Blocked by Shawn Matthias.
13:39 of 1st period - Backhand shot by Jamie McGinn.
13:39 of 1st period - Stopped by Peter Budaj without a rebound.
13:40 of 1st period - Dylan Strome wins face-off versus J.T. Miller in New York Rangers zone.
13:41 of 1st period - Slapshot by Thomas Hickey.
13:41 of 1st period - Shot Misses the Net.
13:43 of 1st period - Slapshot by Thomas Hickey.
13:43 of 1st period - Shot Misses the Net.
13:45 of 1st period - Wrist shot by Nicholas Merkley.
13:45 of 1st period - Stopped by Peter Budaj with a rebound.
14:05 of 1st period - Nick Cousins is hit by Adam Larsson.
17:12 of 1st period - Jujhar Khaira is hit by Christian Fischer and loses puck.
18:57 of 1st period - Martin Hanzal is hit by Alexandre Burrows and loses puck.
Goals for this period are 2 for New York Rangers vs 0 for Arizona Coyotes.
Shots for this period are 8 for New York Rangers vs 8 for Arizona Coyotes.

2nd period


0:01 of 2nd period - Martin Hanzal wins face-off versus J.T. Miller in neutral zone.
1:06 of 2nd period - Wrist shot by Dylan Strome.
1:06 of 2nd period - Stopped by Peter Budaj without a rebound.
1:07 of 2nd period - Dylan Strome wins face-off versus Brandon Dubinsky in New York Rangers zone.
1:32 of 2nd period - Snap shot by Dylan Strome.
1:32 of 2nd period - Shot Misses the Net.
1:34 of 2nd period - Snap shot by Nick Cousins.
1:34 of 2nd period - Shot Misses the Net.
1:36 of 2nd period - Snap shot by Jakob Chychrun.
1:36 of 2nd period - Deflect By Jordan Martinook.
1:36 of 2nd period - Stopped by Peter Budaj without a rebound.
1:37 of 2nd period - J.T. Miller wins face-off versus Nick Cousins in New York Rangers zone.
1:42 of 2nd period - Wrist shot by Mats Zuccarello.
1:42 of 2nd period - Shot Misses the Net.
2:47 of 2nd period - Minor Penalty to Josh Leivo for Hooking.
2:48 of 2nd period - Max Domi wins face-off versus Mats Zuccarello in New York Rangers zone.
2:57 of 2nd period - Snap shot by Jamie McGinn.
2:57 of 2nd period - Shot Misses the Net.
3:13 of 2nd period - Leon Draisaitl is hit by Kris Russell and loses puck.
4:25 of 2nd period - Alex Goligoski is hit by Alexandre Burrows and loses puck.
4:47 of 2nd period - Penalty to Josh Leivo is over, Josh Leivo is back on ice.
6:17 of 2nd period - Jakob Chychrun is hit by Oliver Bjorkstrand and loses puck.
6:48 of 2nd period - Leon Draisaitl is hit by Adam Larsson and loses puck.
6:59 of 2nd period - Slapshot by Thomas Hickey.
6:59 of 2nd period - Stopped by Peter Budaj with a rebound.
7:01 of 2nd period - Snap shot by Nick Cousins.
7:01 of 2nd period - Stopped by Peter Budaj with a rebound.
7:05 of 2nd period - Slapshot by Nick Cousins.
7:05 of 2nd period - Stopped by Peter Budaj without a rebound.
7:06 of 2nd period - Martin Hanzal wins face-off versus Brandon Dubinsky in New York Rangers zone.
7:13 of 2nd period - Wrist shot by Martin Hanzal.
7:13 of 2nd period - Stopped by Peter Budaj with a rebound.
7:19 of 2nd period - Nick Cousins is hit by Lee Stempniak and loses puck.
7:35 of 2nd period - Wrist shot by Max Domi.
7:35 of 2nd period - Shot Misses the Net.
7:37 of 2nd period - Snap shot by Jamie McGinn.
7:37 of 2nd period - Shot Misses the Net.
7:41 of 2nd period - Snap shot by Anthony Duclair.
7:41 of 2nd period - Shot Misses the Net.
7:51 of 2nd period - Kris Russell is hit by Christian Fischer and loses puck.
8:26 of 2nd period - Shawn Matthias is hit by Anthony Duclair and loses puck.
8:45 of 2nd period - Slapshot by Johnny Boychuk.
8:45 of 2nd period - Shot Blocked by Alexander Petrovic.
9:01 of 2nd period - Magnus Paajarvi is hit by Alex Goligoski and loses puck.
9:18 of 2nd period - Peter Holland is hit by J.T. Miller and loses puck.
9:29 of 2nd period - Snap shot by J.T. Miller.
9:29 of 2nd period - Shot Misses the Net.
9:36 of 2nd period - Icing by Thomas Hickey.
9:37 of 2nd period - Dylan Strome wins face-off versus Lee Stempniak in Arizona Coyotes zone.
9:37 of 2nd period - Dylan Strome is hit by Matt Martin.
10:09 of 2nd period - Slapshot by J.T. Miller.
10:09 of 2nd period - Deflect By Mats Zuccarello.
10:09 of 2nd period - Stopped by Devan Dubnyk without a rebound.
10:10 of 2nd period - Martin Hanzal wins face-off versus J.T. Miller in Arizona Coyotes zone.
10:10 of 2nd period - Martin Hanzal is hit by J.T. Miller.
10:26 of 2nd period - Snap shot by J.T. Miller.
10:26 of 2nd period - Stopped by Devan Dubnyk without a rebound.
10:27 of 2nd period - Leon Draisaitl wins face-off versus Shawn Matthias in Arizona Coyotes zone.
10:29 of 2nd period - Minor Penalty to Johnny Boychuk for Interference.
10:30 of 2nd period - Max Domi wins face-off versus Alexandre Burrows in Arizona Coyotes zone.
10:30 of 2nd period - Max Domi is hit by Alexandre Burrows.
10:35 of 2nd period - Slapshot by Thomas Hickey.
10:35 of 2nd period - Shot Misses the Net.
10:45 of 2nd period - Snap shot by Alexandre Burrows.
10:45 of 2nd period - Goal by Alexandre Burrows - New York Rangers : 3 - Arizona Coyotes : 0.
10:46 of 2nd period - J.T. Miller wins face-off versus Leon Draisaitl in neutral zone.
11:13 of 2nd period - Adam Larsson is hit by Anthony Duclair.
11:14 of 2nd period - Icing by Adam Larsson.
11:15 of 2nd period - Max Domi wins face-off versus Shawn Matthias in New York Rangers zone.
11:16 of 2nd period - Snap shot by Anthony Duclair.
11:16 of 2nd period - Shot Misses the Net.
11:22 of 2nd period - Slapshot by Adam Larsson.
11:22 of 2nd period - Stopped by Devan Dubnyk with a rebound.
11:46 of 2nd period - Snap shot by Alexandre Burrows.
11:46 of 2nd period - Deflect By Josh Leivo.
11:46 of 2nd period - Stopped by Devan Dubnyk without a rebound.
11:47 of 2nd period - Leon Draisaitl wins face-off versus J.T. Miller in Arizona Coyotes zone.
11:51 of 2nd period - Off-side.
11:52 of 2nd period - J.T. Miller wins face-off versus Christian Fischer in neutral zone.
12:17 of 2nd period - Wrist shot by Jordan Martinook.
12:17 of 2nd period - Stopped by Peter Budaj with a rebound.
12:19 of 2nd period - Snap shot by Alex Goligoski.
12:19 of 2nd period - Deflect By Jordan Martinook.
12:19 of 2nd period - Shot Misses the Net.
12:19 of 2nd period - Puck is out of play.
12:20 of 2nd period - Brandon Pirri wins face-off versus Martin Hanzal in New York Rangers zone.
12:20 of 2nd period - Brandon Pirri is hit by Jordan Martinook.
12:44 of 2nd period - Snap shot by Alexandre Burrows.
12:44 of 2nd period - Shot Misses the Net.
12:52 of 2nd period - Josh Leivo is hit by Leon Draisaitl and loses puck.
13:05 of 2nd period - Anthony Duclair is hit by Alexander Petrovic and loses puck.
13:12 of 2nd period - Wrist shot by Max Domi.
13:12 of 2nd period - Deflect By Anthony Duclair.
13:12 of 2nd period - Shot Misses the Net.
13:12 of 2nd period - Puck is out of play.
13:13 of 2nd period - Martin Hanzal wins face-off versus Brandon Pirri in New York Rangers zone.
13:14 of 2nd period - Wrist shot by Jordan Martinook.
13:14 of 2nd period - Goal by Jordan Martinook - New York Rangers : 3 - Arizona Coyotes : 1.
13:15 of 2nd period - Leon Draisaitl wins face-off versus Brandon Pirri in neutral zone.
13:18 of 2nd period - Slapshot by Alex Goligoski.
13:18 of 2nd period - Stopped by Peter Budaj with a rebound.
13:20 of 2nd period - Slapshot by Alex Goligoski.
13:20 of 2nd period - Shot Blocked by Oliver Bjorkstrand.
13:22 of 2nd period - Snap shot by Tomas Hertl.
13:22 of 2nd period - Stopped by Peter Budaj with a rebound.
13:40 of 2nd period - Neal Pionk is hit by Martin Hanzal and loses puck.
13:51 of 2nd period - Jordan Martinook is hit by Brandon Pirri and loses puck.
14:34 of 2nd period - Icing by Jordan Martinook.
14:35 of 2nd period - J.T. Miller wins face-off versus Martin Hanzal in Arizona Coyotes zone.
14:44 of 2nd period - Snap shot by J.T. Miller.
14:44 of 2nd period - Shot Blocked by Nick Cousins.
14:46 of 2nd period - Backhand shot by Adam Larsson.
14:46 of 2nd period - Shot Blocked by Jakob Chychrun.
14:48 of 2nd period - Snap shot by Adam Larsson.
14:48 of 2nd period - Deflect By J.T. Miller.
14:48 of 2nd period - Stopped by Devan Dubnyk without a rebound.
14:49 of 2nd period - Shawn Matthias wins face-off versus Max Domi in Arizona Coyotes zone.
15:14 of 2nd period - Alex Goligoski is hit by Mats Zuccarello and loses puck.
16:05 of 2nd period - Tony DeAngelo is hit by Tomas Hertl and loses puck.
17:14 of 2nd period - Slapshot by Alexandre Burrows.
17:14 of 2nd period - Goal by Alexandre Burrows - New York Rangers : 4 - Arizona Coyotes : 1.
17:14 of 2nd period - Louis Domingue enters game.
17:15 of 2nd period - Max Domi wins face-off versus Shawn Matthias in neutral zone.
17:15 of 2nd period - Max Domi is hit by Shawn Matthias.
17:21 of 2nd period - Adam Larsson is hit by Max Domi and loses puck.
17:26 of 2nd period - Wrist shot by Max Domi.
17:26 of 2nd period - Stopped by Peter Budaj without a rebound.
17:27 of 2nd period - Max Domi wins face-off versus Shawn Matthias in New York Rangers zone.
17:36 of 2nd period - Slapshot by Brady Skjei.
17:36 of 2nd period - Stopped by Louis Domingue with a rebound.
17:38 of 2nd period - Slapshot by Brady Skjei.
17:38 of 2nd period - Shot Blocked by Max Domi.
18:52 of 2nd period - Luke Schenn is hit by Neal Pionk and loses puck.
19:35 of 2nd period - Martin Hanzal is hit by Brandon Pirri and loses puck.
19:57 of 2nd period - Wrist shot by Lee Stempniak.
19:57 of 2nd period - Stopped by Louis Domingue without a rebound.
19:58 of 2nd period - Dylan Strome wins face-off versus Shawn Matthias in Arizona Coyotes zone.
Goals for this period are 2 for New York Rangers vs 1 for Arizona Coyotes.
Shots for this period are 9 for New York Rangers vs 11 for Arizona Coyotes.

3rd period


0:01 of 3rd period - Max Domi wins face-off versus Shawn Matthias in neutral zone.
0:08 of 3rd period - Wrist shot by Max Domi.
0:08 of 3rd period - Shot Misses the Net.
0:10 of 3rd period - Slapshot by Johnny Boychuk.
0:10 of 3rd period - Shot Hit the Post.
0:12 of 3rd period - Slapshot by Johnny Boychuk.
0:12 of 3rd period - Shot Misses the Net.
0:14 of 3rd period - Slapshot by Johnny Boychuk.
0:14 of 3rd period - Shot Blocked by Brady Skjei.
0:20 of 3rd period - Minor Penalty to Alexandre Burrows for High sticking.
0:21 of 3rd period - Mats Zuccarello wins face-off versus Anthony Duclair in New York Rangers zone.
0:54 of 3rd period - Slapshot by Leon Draisaitl.
0:54 of 3rd period - Goal by Leon Draisaitl - New York Rangers : 4 - Arizona Coyotes : 2.
0:55 of 3rd period - Leon Draisaitl wins face-off versus J.T. Miller in neutral zone.
1:08 of 3rd period - Wrist shot by J.T. Miller.
1:08 of 3rd period - Stopped by Louis Domingue without a rebound.
1:09 of 3rd period - Shawn Matthias wins face-off versus Jamie McGinn in Arizona Coyotes zone.
1:10 of 3rd period - Wrist shot by Alexandre Burrows.
1:10 of 3rd period - Stopped by Louis Domingue with a rebound.
1:16 of 3rd period - Snap shot by Max Domi.
1:16 of 3rd period - Stopped by Peter Budaj without a rebound.
1:17 of 3rd period - Shawn Matthias wins face-off versus Jamie McGinn in New York Rangers zone.
1:17 of 3rd period - Shawn Matthias is hit by Anthony Duclair.
1:45 of 3rd period - Snap shot by J.T. Miller.
1:45 of 3rd period - Stopped by Louis Domingue without a rebound.
1:46 of 3rd period - J.T. Miller wins face-off versus Christian Fischer in Arizona Coyotes zone.
2:17 of 3rd period - Snap shot by J.T. Miller.
2:17 of 3rd period - Shot Misses the Net.
2:19 of 3rd period - Slapshot by Tony DeAngelo.
2:19 of 3rd period - Stopped by Louis Domingue without a rebound.
2:20 of 3rd period - Max Domi wins face-off versus Shawn Matthias in Arizona Coyotes zone.
2:20 of 3rd period - Max Domi is hit by Josh Leivo.
2:26 of 3rd period - Slapshot by Jamie McGinn.
2:26 of 3rd period - Deflect By Max Domi.
2:26 of 3rd period - Shot Misses the Net.
2:26 of 3rd period - Puck is out of play.
2:27 of 3rd period - Max Domi wins face-off versus Shawn Matthias in New York Rangers zone.
2:32 of 3rd period - Wrist shot by Jamie McGinn.
2:32 of 3rd period - Shot Blocked by Adam Larsson.
2:54 of 3rd period - Slapshot by Max Domi.
2:54 of 3rd period - Stopped by Peter Budaj with a rebound.
3:02 of 3rd period - Snap shot by Tomas Hertl.
3:02 of 3rd period - Stopped by Peter Budaj with a rebound.
4:33 of 3rd period - Off-side.
4:34 of 3rd period - J.T. Miller wins face-off versus Tomas Hertl in neutral zone.
4:34 of 3rd period - J.T. Miller is hit by Ryan Sproul.
4:40 of 3rd period - Snap shot by J.T. Miller.
4:40 of 3rd period - Stopped by Louis Domingue with a rebound.
4:42 of 3rd period - Minor Penalty to Tomas Hertl for Hooking.
4:43 of 3rd period - Leon Draisaitl wins face-off versus J.T. Miller in Arizona Coyotes zone.
4:54 of 3rd period - Slapshot by Alex Goligoski.
4:54 of 3rd period - Shot Misses the Net.
4:58 of 3rd period - Wrist shot by Leon Draisaitl.
4:58 of 3rd period - Stopped by Peter Budaj with a rebound.
5:10 of 3rd period - Snap shot by Christian Fischer.
5:10 of 3rd period - Shot Blocked by Josh Leivo.
5:23 of 3rd period - Brady Skjei is hit by Jordan Martinook and loses puck.
6:04 of 3rd period - Brandon Pirri is hit by Jordan Martinook and loses puck.
6:42 of 3rd period - Penalty to Tomas Hertl is over, Tomas Hertl is back on ice.
6:48 of 3rd period - Off-side.
6:49 of 3rd period - Dylan Strome wins face-off versus Brandon Dubinsky in neutral zone.
6:52 of 3rd period - Snap shot by Peter Holland.
6:52 of 3rd period - Shot Blocked by Alexander Petrovic.
7:14 of 3rd period - Josh Leivo is hit by Nick Cousins and loses puck.
8:09 of 3rd period - Kris Russell is hit by Dylan Strome.
8:47 of 3rd period - Jamie McGinn is hit by Neal Pionk and loses puck.
8:56 of 3rd period - Snap shot by Max Domi.
8:56 of 3rd period - Shot Blocked by Mats Zuccarello.
9:37 of 3rd period - Tomas Hertl is hit by Brady Skjei and loses puck.
10:09 of 3rd period - Anthony Duclair is hit by Jujhar Khaira.
10:47 of 3rd period - Snap shot by Alexandre Burrows.
10:47 of 3rd period - Stopped by Louis Domingue with a rebound.
11:22 of 3rd period - Brandon Dubinsky is hit by Anthony Duclair and loses puck.
11:46 of 3rd period - Wrist shot by Jordan Martinook.
11:46 of 3rd period - Stopped by Peter Budaj without a rebound.
11:47 of 3rd period - Max Domi wins face-off versus J.T. Miller in New York Rangers zone.
11:47 of 3rd period - Jamie McGinn is hit by Alexander Petrovic and loses puck.
11:50 of 3rd period - Slapshot by Luke Schenn.
11:50 of 3rd period - Stopped by Peter Budaj with a rebound.
11:52 of 3rd period - Snap shot by Anthony Duclair.
11:52 of 3rd period - Shot Misses the Net.
11:54 of 3rd period - Slapshot by Thomas Hickey.
11:54 of 3rd period - Stopped by Peter Budaj without a rebound.
11:55 of 3rd period - J.T. Miller wins face-off versus Max Domi in New York Rangers zone.
12:26 of 3rd period - Tony DeAngelo is hit by Luke Schenn and loses puck.
13:50 of 3rd period - Wrist shot by Luke Schenn.
13:50 of 3rd period - Shot Misses the Net.
13:52 of 3rd period - Wrist shot by Nick Cousins.
13:52 of 3rd period - Stopped by Peter Budaj with a rebound.
14:04 of 3rd period - Thomas Hickey is hit by Oliver Bjorkstrand.
14:08 of 3rd period - Oliver Bjorkstrand is hit by Tomas Hertl and loses puck.
14:25 of 3rd period - Alex Goligoski is hit by Lee Stempniak and loses puck.
14:44 of 3rd period - Wrist shot by Martin Hanzal.
14:44 of 3rd period - Deflect By Nick Cousins.
14:44 of 3rd period - Shot Misses the Net.
14:44 of 3rd period - Puck is out of play.
14:45 of 3rd period - Martin Hanzal wins face-off versus J.T. Miller in New York Rangers zone.
14:50 of 3rd period - Snap shot by Nick Cousins.
14:50 of 3rd period - Stopped by Peter Budaj without a rebound.
14:51 of 3rd period - Shawn Matthias wins face-off versus Max Domi in New York Rangers zone.
14:51 of 3rd period - Shawn Matthias is hit by Luke Schenn.
14:59 of 3rd period - Slapshot by Alexandre Burrows.
14:59 of 3rd period - Shot Misses the Net.
15:55 of 3rd period - Matt Martin is hit by Nicholas Merkley and loses puck.
15:56 of 3rd period - Matt Martin from New York Rangers is injured at 15:56 of 3rd period (Left Knee).
15:57 of 3rd period - Martin Hanzal wins face-off versus Brandon Pirri in New York Rangers zone.
16:00 of 3rd period - Snap shot by Jordan Martinook.
16:00 of 3rd period - Stopped by Peter Budaj with a rebound.
16:02 of 3rd period - Slapshot by Alex Goligoski.
16:02 of 3rd period - Stopped by Peter Budaj without a rebound.
16:03 of 3rd period - Martin Hanzal wins face-off versus Magnus Paajarvi in New York Rangers zone.
17:16 of 3rd period - Slapshot by Magnus Paajarvi.
17:16 of 3rd period - Deflect By Brandon Dubinsky.
17:16 of 3rd period - Shot Misses the Net.
17:16 of 3rd period - Puck is out of play.
17:17 of 3rd period - Martin Hanzal wins face-off versus Brandon Dubinsky in Arizona Coyotes zone.
17:52 of 3rd period - Snap shot by Lee Stempniak.
17:52 of 3rd period - Shot Misses the Net.
17:56 of 3rd period - Wrist shot by Lee Stempniak.
17:56 of 3rd period - Shot Misses the Net.
17:58 of 3rd period - Slapshot by Alexander Petrovic.
17:58 of 3rd period - Deflect By Lee Stempniak.
17:58 of 3rd period - Shot Hit the Post.
17:58 of 3rd period - Puck is out of play.
17:59 of 3rd period - Martin Hanzal wins face-off versus J.T. Miller in Arizona Coyotes zone.
18:10 of 3rd period - Wrist shot by Martin Hanzal.
18:10 of 3rd period - Shot Misses the Net.
18:12 of 3rd period - Wrist shot by Jordan Martinook.
18:12 of 3rd period - Shot Blocked by Kris Russell.
18:14 of 3rd period - Slapshot by Alex Goligoski.
18:14 of 3rd period - Deflect By Jordan Martinook.
18:14 of 3rd period - Shot Blocked by Mats Zuccarello.
18:14 of 3rd period - Puck is out of play.
18:15 of 3rd period - Leon Draisaitl wins face-off versus Shawn Matthias in New York Rangers zone.
18:20 of 3rd period - Snap shot by Leon Draisaitl.
18:20 of 3rd period - Stopped by Peter Budaj without a rebound.
18:21 of 3rd period - Leon Draisaitl wins face-off versus Shawn Matthias in New York Rangers zone.
18:46 of 3rd period - Slapshot by Mats Zuccarello.
18:46 of 3rd period - Shot Blocked by Christian Fischer.
18:52 of 3rd period - Backhand shot by Mats Zuccarello.
18:52 of 3rd period - Shot Misses the Net.
18:54 of 3rd period - Wrist shot by Jujhar Khaira.
18:54 of 3rd period - Deflect By J.T. Miller.
18:54 of 3rd period - Stopped by Louis Domingue without a rebound.
18:55 of 3rd period - Brandon Pirri wins face-off versus Martin Hanzal in Arizona Coyotes zone.
18:56 of 3rd period - Wrist shot by Oliver Bjorkstrand.
18:56 of 3rd period - Shot Blocked by Martin Hanzal.
19:02 of 3rd period - Slapshot by Jakob Chychrun.
19:02 of 3rd period - Stopped by Peter Budaj without a rebound.
19:03 of 3rd period - Martin Hanzal wins face-off versus Brandon Pirri in New York Rangers zone.
Goals for this period are 0 for New York Rangers vs 1 for Arizona Coyotes.
Shots for this period are 7 for New York Rangers vs 14 for Arizona Coyotes.